EVO
UNIVERSITY OF ARIZONA WILDCATS @ UCLA BRUINS
09/29/2047
 
TOP OF THE 1ST
University of Arizona Wildcats batting - Pitching for UCLA Bruins : RHP Billy McKinzie
Pitching: RHP Billy McKinzie
Batting: LHB Pascal Noël 0-0: Called Strike
0-1: Ball
1-1: Foul Ball, location: 2F
1-2: DOUBLE (Line Drive, 5D, EV 108.1 MPH)
Batting: LHB Jere Paatelainen 0-0: Ball
Wild Pitch!
Pascal Noël to third
1-0: Ground out U3 (Groundball, 3, EV 85.0 MPH)
Batting: RHB Ron Dondale 0-0: Called Strike
0-1: Fly out, F8 (Flyball, 8LD, EV 96.9 MPH)
Runner from 3rd tags up, OUT at HOME! 8-2
Top of the 1st over - 0 runs, 1 hit, 0 errors, 0 left on base; University of Arizona 0 - UCLA 0
BOTTOM OF THE 1ST
UCLA Bruins batting - Pitching for University of Arizona Wildcats : RHP Brendan Malzone
Pitching: RHP Brendan Malzone
Batting: LHB Luis Ortegon 0-0: Foul Ball, location: 2F
0-1: Swinging Strike
0-2: Strikes out looking
Batting: LHB Mark Cummings 0-0: Ball
1-0: Ground out 4-3 (Groundball, 34D, EV 104.4 MPH)
Batting: RHB Issac Konol 0-0: SINGLE (Groundball, 6MD, EV 95.0 MPH)
Batting: RHB Andy Knerr 0-0: Ball
1-0: Foul Ball, location: 2F
1-1: Fly out, F7 (Line Drive, 78D, EV 93.1 MPH)
Bottom of the 1st over - 0 runs, 1 hit, 0 errors, 1 left on base; University of Arizona 0 - UCLA 0
TOP OF THE 2ND
University of Arizona Wildcats batting - Pitching for UCLA Bruins : RHP Billy McKinzie
Batting: RHB Ricardo Fernandez 0-0: Ball
1-0: Called Strike
1-1: Foul Ball, location: 2F
1-2: Ball
2-2: Strikes out swinging
Batting: RHB Steve Carmichael 0-0: Foul Ball, location: 2F
0-1: Ball
1-1: Called Strike
1-2: SINGLE (Groundball, 6D, EV 98.8 MPH)
Batting: RHB Eddy Amaya 0-0: Ball
1-0: 2-RUN HOME RUN (Flyball, 9LD, EV 97.5 MPH), Distance : 348 ft
Batting: LHB Andrew Davis 0-0: Called Strike
0-1: Foul Ball, location: 2F
0-2: Ball
1-2: Strikes out looking
Batting: RHB Dan Doggett 0-0: Called Strike
0-1: Ball
1-1: Ball
2-1: Ball
3-1: Foul Ball, location: 2F
3-2: SINGLE (Flyball, 89M, EV 87.5 MPH)
Batting: RHB Manny Corral 0-0: 2-RUN HOME RUN (Flyball, 7D, EV 101.9 MPH), Distance : 394 ft
Batting: LHB Pascal Noël 0-0: Ball
1-0: Called Strike
1-1: Ball
2-1: Ground out 6-3 (Groundball, 6, EV 90.0 MPH)
Top of the 2nd over - 4 runs, 4 hits, 0 errors, 0 left on base; University of Arizona 4 - UCLA 0
BOTTOM OF THE 2ND
UCLA Bruins batting - Pitching for University of Arizona Wildcats : RHP Brendan Malzone
Batting: LHB Scott Mullett 0-0: Ball
1-0: Called Strike
1-1: Called Strike
1-2: Strikes out swinging
Batting: RHB Dave Spradley 0-0: Fly out, F7 (Flyball, 7, EV 79.4 MPH)
Batting: RHB Alejandro Patron 0-0: Ground out 4-3 (Groundball, 34, EV 81.9 MPH)
Bottom of the 2nd over - 0 runs, 0 hits, 0 errors, 0 left on base; University of Arizona 4 - UCLA 0
TOP OF THE 3RD
University of Arizona Wildcats batting - Pitching for UCLA Bruins : RHP Billy McKinzie
Batting: LHB Jere Paatelainen 0-0: Foul Ball, location: 2F
0-1: Ball
1-1: DOUBLE (Line Drive, 78D, EV 111.2 MPH)
Batting: RHB Ron Dondale 0-0: Ball
Jere Paatelainen steals 3rd base (no throw)
1-0: Called Strike
1-1: Ball
2-1: Foul Ball, location: 2F
2-2: DOUBLE (Flyball, 8RXD, EV 98.1 MPH)
Jere Paatelainen scores
Batting: RHB Ricardo Fernandez 0-0: Ball
1-0: Ground out 6-3 (Groundball, 6MS, EV 88.1 MPH)
Ron Dondale to third
Batting: RHB Steve Carmichael 0-0: Ball
1-0: Fly out, F8 (Flyball, 89S, EV 91.9 MPH)
Batting: RHB Eddy Amaya 0-0: Ball
1-0: Ground out 5-3 (Groundball, 56S, EV 92.5 MPH)
Top of the 3rd over - 1 run, 2 hits, 0 errors, 1 left on base; University of Arizona 5 - UCLA 0
BOTTOM OF THE 3RD
UCLA Bruins batting - Pitching for University of Arizona Wildcats : RHP Brendan Malzone
Batting: RHB Michael Alvarado 0-0: Ball
1-0: SINGLE (Groundball, 56D, EV 103.1 MPH)
Batting: RHB Ken Hillman 0-0: Called Strike
0-1: Fly out, F8 (Flyball, 78D, EV 97.5 MPH)
Batting: LHB Luis Ortegon 0-0: Ball
1-0: Foul Ball, location: 2F
1-1: Ball
2-1: Foul Ball, location: 2F
2-2: Ball
3-2: Base on Balls
Michael Alvarado to second
Batting: LHB Mark Cummings 0-0: Foul Ball, location: 2F
0-1: Swinging Strike
0-2: Strikes out swinging
Batting: RHB Issac Konol 0-0: Called Strike
0-1: Fielders Choice at 2nd, 6-4 (Groundball, 6, EV 89.4 MPH)
Bottom of the 3rd over - 0 runs, 1 hit, 0 errors, 2 left on base; University of Arizona 5 - UCLA 0
TOP OF THE 4TH
University of Arizona Wildcats batting - Pitching for UCLA Bruins : RHP Billy McKinzie
Batting: LHB Andrew Davis 0-0: Ball
1-0: Called Strike
1-1: Called Strike
1-2: Ball
2-2: Ball
3-2: SINGLE (Line Drive, 34D, EV 98.8 MPH)
Batting: RHB Dan Doggett 0-0: Ball
1-0: Ball
2-0: Fly out, F7 (Flyball, 7S, EV 91.9 MPH)
Batting: RHB Manny Corral 0-0: Called Strike
0-1: Ball
Wild Pitch!
Andrew Davis to second
1-1: Foul Ball, location: 2F
1-2: Ball
2-2: Foul Ball, location: 2F
2-2: DOUBLE (Line Drive, 89D, EV 106.2 MPH)
Andrew Davis scores
Pitching: RHP Quincy Bowen
Batting: LHB Pascal Noël 0-0: Ball
1-0: Ground out 3-1 (Groundball, 34S, EV 89.4 MPH)
Manny Corral to third
Batting: LHB Jere Paatelainen 0-0: Ball
1-0: Foul Ball, location: 2F
1-1: Ball
2-1: Foul Ball, location: 2F
2-2: Strikes out swinging
Top of the 4th over - 1 run, 2 hits, 0 errors, 1 left on base; University of Arizona 6 - UCLA 0
BOTTOM OF THE 4TH
UCLA Bruins batting - Pitching for University of Arizona Wildcats : RHP Brendan Malzone
Batting: RHB Andy Knerr 0-0: Ball
1-0: Ground out 6-3 (Groundball, 56, EV 87.5 MPH)
Batting: LHB Scott Mullett 0-0: Foul Ball, location: 2F
0-1: Ball
1-1: Fly out, F7 (Flyball, 7D, EV 81.2 MPH)
Batting: RHB Dave Spradley 0-0: Fly out, F8 (Flyball, 8RM, EV 91.2 MPH)
Bottom of the 4th over - 0 runs, 0 hits, 0 errors, 0 left on base; University of Arizona 6 - UCLA 0
TOP OF THE 5TH
University of Arizona Wildcats batting - Pitching for UCLA Bruins : RHP Quincy Bowen
Batting: RHB Ron Dondale 0-0: Ball
1-0: Ball
2-0: Called Strike
2-1: Ball
3-1: Foul Ball, location: 2F
3-2: Foul Ball, location: 2F
3-2: Base on Balls
Batting: RHB Ricardo Fernandez 0-0: Called Strike
0-1: Called Strike
0-2: Foul Ball, location: 2F
0-2: Strikes out swinging
Batting: RHB Steve Carmichael 0-0: Ball
1-0: Called Strike
1-1: Ball
2-1: Foul Ball, location: 2F
2-2: Fly out, F4 (Popup, 4S, EV 60.6 MPH)
Batting: RHB Eddy Amaya 0-0: Ball
Ron Dondale is caught stealing 2nd base 2-4
Top of the 5th over - 0 runs, 0 hits, 0 errors, 0 left on base; University of Arizona 6 - UCLA 0
BOTTOM OF THE 5TH
UCLA Bruins batting - Pitching for University of Arizona Wildcats : RHP Brendan Malzone
Batting: RHB Alejandro Patron 0-0: Ball
1-0: Ground out 1-3 (Groundball, 25, EV 68.8 MPH)
Batting: RHB Michael Alvarado 0-0: Called Strike
0-1: Fly out, F7 (Flyball, 7, EV 88.1 MPH)
Batting: RHB Ken Hillman 0-0: Ground out 3-1 (Groundball, 34, EV 88.8 MPH)
Bottom of the 5th over - 0 runs, 0 hits, 0 errors, 0 left on base; University of Arizona 6 - UCLA 0
TOP OF THE 6TH
University of Arizona Wildcats batting - Pitching for UCLA Bruins : RHP Quincy Bowen
Pitching: LHP Brad Victor
Batting: RHB Eddy Amaya 0-0: Called Strike
0-1: Ball
1-1: Ball
2-1: Called Strike
2-2: Fly out, F9 (Flyball, 9D, EV 91.9 MPH)
Batting: LHB Andrew Davis 0-0: Called Strike
0-1: Fly out, F7 (Line Drive, 7, EV 105.0 MPH)
Batting: RHB Dan Doggett 0-0: Foul Ball, location: 2F
0-1: Called Strike
0-2: Ball
1-2: Ball
2-2: Ground out 3-1 (Groundball, 13, EV 81.2 MPH)
Top of the 6th over - 0 runs, 0 hits, 0 errors, 0 left on base; University of Arizona 6 - UCLA 0
BOTTOM OF THE 6TH
UCLA Bruins batting - Pitching for University of Arizona Wildcats : RHP Brendan Malzone
Batting: LHB Luis Ortegon 0-0: Ball
1-0: Foul Ball, location: 2F
1-1: Ball
2-1: Ball
3-1: DOUBLE (Line Drive, 9LM, EV 102.5 MPH)
Batting: LHB Mark Cummings 0-0: Called Strike
0-1: Ball
1-1: Fly out, F9 (Flyball, 9, EV 94.4 MPH)
Batting: RHB Issac Konol 0-0: DOUBLE (Line Drive, 78D, EV 111.2 MPH)
Luis Ortegon scores
Batting: RHB Andy Knerr 0-0: Called Strike
0-1: Ground out 3-1 (Groundball, 34, EV 106.2 MPH)
Issac Konol to third
Batting: LHB Scott Mullett 0-0: Ball
1-0: SINGLE (Line Drive, 8RS, EV 106.9 MPH)
Issac Konol scores
Batting: RHB Dave Spradley 0-0: Ball
1-0: Ball
2-0: Ball
3-0: SINGLE (Groundball, 6MD, EV 103.8 MPH)
Scott Mullett to second
Runner from 2nd tries for 3rd, SAFE, throw by CF made to third
Batting: RHB Alejandro Patron 0-0: SINGLE (Groundball, 5S, EV 67.5 MPH) (infield hit)
Scott Mullett scores
Dave Spradley to second
Batting: RHB Michael Alvarado 0-0: Called Strike
0-1: SINGLE (Groundball, 6MD, EV 106.9 MPH)
Dave Spradley to third
Alejandro Patron to second
Runner from 3rd tries for Home, SAFE, throw by CF to home
Batting: RHB Ken Hillman 0-0: Ball
1-0: Ground out U3 (Groundball, 3L, EV 111.2 MPH)
Bottom of the 6th over - 4 runs, 6 hits, 0 errors, 2 left on base; University of Arizona 6 - UCLA 4
TOP OF THE 7TH
University of Arizona Wildcats batting - Pitching for UCLA Bruins : LHP Brad Victor
Batting: RHB Manny Corral 0-0: Fly out, F5 (Popup, 56, EV 65.6 MPH)
Batting: LHB Pascal Noël 0-0: Foul Ball, location: 2F
0-1: Ball
1-1: Foul Ball, location: 2F
1-2: Ball
2-2: Ground out 4-3 (Groundball, 4, EV 101.2 MPH)
Batting: LHB Jere Paatelainen 0-0: Swinging Strike
0-1: Ball
1-1: Foul Ball, location: 2F
1-2: Strikes out swinging
Top of the 7th over - 0 runs, 0 hits, 0 errors, 0 left on base; University of Arizona 6 - UCLA 4
BOTTOM OF THE 7TH
UCLA Bruins batting - Pitching for University of Arizona Wildcats : RHP Brendan Malzone
Batting: LHB Luis Ortegon 0-0: Called Strike
0-1: Ball
1-1: Fly out, F7 (Line Drive, 78M, EV 107.5 MPH)
Batting: LHB Mark Cummings 0-0: Foul Ball, location: 2F
0-1: Called Strike
0-2: Fly out, F9 (Line Drive, 9, EV 97.5 MPH)
Batting: RHB Issac Konol 0-0: Called Strike
0-1: Ball
1-1: Called Strike
1-2: Foul Ball, location: 2F
1-2: Ball
2-2: Fly out, F6 (Popup, 6, EV 76.9 MPH)
Bottom of the 7th over - 0 runs, 0 hits, 0 errors, 0 left on base; University of Arizona 6 - UCLA 4
TOP OF THE 8TH
University of Arizona Wildcats batting - Pitching for UCLA Bruins : LHP Brad Victor
Batting: RHB Ron Dondale 0-0: SOLO HOME RUN (Flyball, 7LD, EV 92.5 MPH), Distance : 346 ft
Batting: RHB Ricardo Fernandez 0-0: Ball
1-0: Called Strike
1-1: Ball
2-1: Foul Ball, location: 2F
2-2: SINGLE (Flyball, 34D, EV 81.9 MPH)
Batting: RHB Steve Carmichael 0-0: Called Strike
0-1: Grounds into double play, 4-6-3 (Groundball, 4, EV 103.8 MPH)
Batting: RHB Eddy Amaya 0-0: Called Strike
0-1: Ball
1-1: Foul Ball, location: 2F
1-2: Strikes out swinging
Top of the 8th over - 1 run, 2 hits, 0 errors, 0 left on base; University of Arizona 7 - UCLA 4
BOTTOM OF THE 8TH
UCLA Bruins batting - Pitching for University of Arizona Wildcats : RHP Brendan Malzone
Batting: RHB Andy Knerr 0-0: Ball
1-0: Ball
2-0: Foul Ball, location: 2F
2-1: Ball
3-1: Foul Ball, location: 2F
3-2: Base on Balls
Batting: LHB Scott Mullett 0-0: Called Strike
0-1: Ball
1-1: Ball
Wild Pitch!
Andy Knerr to second
2-1: Foul Ball, location: 2F
2-2: Ground out 5-3 (Groundball, 5S, EV 79.4 MPH)
Batting: RHB Dave Spradley 0-0: Ball
1-0: Fly out, F2 (Popup, 25F, EV 84.4 MPH)
Batting: RHB Alejandro Patron 0-0: Called Strike
0-1: Ground out 6-3 (Groundball, 6, EV 84.4 MPH)
Bottom of the 8th over - 0 runs, 0 hits, 0 errors, 1 left on base; University of Arizona 7 - UCLA 4
TOP OF THE 9TH
University of Arizona Wildcats batting - Pitching for UCLA Bruins : LHP Brad Victor
Pitching: RHP Kyle Mann
Batting: LHB Andrew Davis 0-0: Ball
1-0: Called Strike
1-1: Ground out 4-3 (Groundball, 34D, EV 89.4 MPH)
Batting: RHB Dan Doggett 0-0: Ball
1-0: Fly out, F9 (Flyball, 9, EV 86.2 MPH)
Batting: RHB Manny Corral 0-0: Swinging Strike
0-1: Called Strike
0-2: Ball
1-2: Ball
2-2: Foul Ball, location: 2F
2-2: Ball
3-2: Ground out 4-3 (Groundball, 4, EV 86.9 MPH)
Top of the 9th over - 0 runs, 0 hits, 0 errors, 0 left on base; University of Arizona 7 - UCLA 4
BOTTOM OF THE 9TH
UCLA Bruins batting - Pitching for University of Arizona Wildcats : RHP Brendan Malzone
Pitching: RHP Chris Obloy
Batting: RHB Michael Alvarado 0-0: Ball
1-0: Foul Ball, location: 2F
1-1: SOLO HOME RUN (Flyball, 7D, EV 96.2 MPH), Distance : 395 ft
Pinch Hitting: SHB Mike Beck 0-0: Swinging Strike
0-1: Called Strike
0-2: Foul Ball, location: 2F
0-2: Ball
1-2: Strikes out swinging
Batting: LHB Luis Ortegon 0-0: Foul Ball, location: 2F
0-1: Ball
1-1: DOUBLE (Line Drive, 3D, EV 97.5 MPH)
Batting: LHB Mark Cummings 0-0: Ball
1-0: Ball
2-0: Ground out 4-3 (Groundball, 4, EV 102.5 MPH)
Luis Ortegon to third
Batting: RHB Issac Konol 0-0: Ball
1-0: Fly out, F3 (Popup, 3, EV 72.5 MPH)
Bottom of the 9th over - 1 run, 2 hits, 0 errors, 1 left on base; University of Arizona 7 - UCLA 5
Thursday, December 15th , 2022 - OOTP Baseball 23.9 Build 102